 Dungeon Crawl Stone Soup version 0.28-a0-1567-g1695149f81 (webtiles) character file.

Game seed: 18444610337669816861

53 Pin the Chopper (level 3, 0/31 HPs)
             Began as a Hill Orc Monk on Jan 20, 2022.
             Slain by a black bear (5 damage)
             ... on level 3 of the Dungeon.
             The game lasted 00:03:04 (1997 turns).

Pin the Chopper (Hill Orc Monk)                     Turns: 1997, Time: 00:03:05

Health: 0/31       AC:  9    Str: 15    XL:     3   Next: 87%
Magic:  3/3        EV:  7    Int: 10    God:
Gold:   75         SH:  0    Dex: 13    Spells: 2/2 levels left

rFire   . . .      SeeInvis .   a - +0 hand axe
rCold   . . .      Faith    .   (no shield)
rNeg    . . .      Spirit   .   l - +0 chain mail
rPois   .          Reflect  .   (no helmet)
rElec   .          Harm     .   (no cloak)
rCorr   .          Rampage  .   (no gloves)
Will    .....                   (no boots)
Stlth   ..........              (no amulet)
HPRegen 0.10/turn               (no ring)
MPRegen 0.08/turn               (no ring)

@: no status effects
A: no striking features
a: no special abilities


You were on level 3 of the Dungeon.
You visited 1 branch of the dungeon, and saw 3 of its levels.

You collected 75 gold pieces.

Inventory:

Hand Weapons
 a - a +0 hand axe (weapon)
Armour
 b - a +0 robe
 l - a +0 chain mail (worn)
Jewellery
 c - a ring of magical power
Scrolls
 f - a scroll of identify {unknown}
 g - a scroll of enchant armour {unknown}
 i - a scroll of fog {unknown}
 k - a scroll of teleportation {unknown}
 m - a scroll of torment {unknown}
 n - a scroll of noise {unknown}
Potions
 d - 3 potions of heal wounds {unknown}
 e - a potion of might {unknown}
 h - a potion of resistance {unknown}
 j - a potion of cancellation {unknown}


   Skills:
 - Level 3.6 Fighting
 - Level 4.0 Axes
 + Level 3.7 Armour
 - Level 2.4 Dodging
 - Level 1.5 Stealth


You had 2 spell levels left.
You didn't know any spells.
Your spell library contained the following spells:

 Spells                   Type           Power      Damage    Failure   Level
 Sandblast                Erth           0%         2d4       100%        1
 Gell's Gravitas          Tloc           0%         N/A       100%        3
 Animate Armour           Summ/Erth      0%         N/A       100%        4
 Petrify                  Tmut/Erth      0%         N/A       100%        4


Dungeon Overview and Level Annotations

Branches:
Dungeon (3/15)

Altars:


Message History

The black bear bites you but does no damage.
The black bear closely misses you. The black bear barely misses you.
You hit the black bear.
The black bear is moderately wounded.
The black bear bites you. The black bear closely misses you.
The black bear claws you.
The black bear bites you but does no damage.
The black bear claws you. The black bear barely misses you.
You hit the black bear but do no damage.
The black bear is moderately wounded.
The black bear barely misses you.
The black bear claws you but does no damage. x2
You hit the black bear.
The black bear is heavily wounded.
The black bear closely misses you. The black bear barely misses you.
The black bear claws you.
You hit the black bear.
The black bear is heavily wounded.
The black bear bites you!
The black bear claws you but does no damage.
The black bear closely misses you.
You hit the black bear.
The black bear is severely wounded.
The black bear bites you.
* * * LOW HITPOINT WARNING * * *
The black bear claws you but does no damage. x2
You barely miss the black bear.
The black bear is severely wounded.
The black bear bites you but does no damage.
The black bear claws you but does no damage.
The black bear barely misses you.
You hit the black bear.
The black bear is severely wounded.
The black bear goes berserk!
You hit the black bear.
The black bear is severely wounded.
The black bear bites you.
* * * LOW HITPOINT WARNING * * *
The black bear claws you.
You die...

#..#.....#####..# #..>...#
#..(.()..# #....# ########
#........###.##.#
###........##..##.######
................>......#
.......................#
.....#...#.............#
.......................#
#...........#...@......#
...##..........h..........
##.# #...........#.#.#.#.#
#.# .#...................
. .# ....#..#.#.#.#.#.# .
.##.#.. ........ # ..#
#.#.#.# #.. ....


You could see a black bear (berserk).

Vanquished Creatures
  2 adders (D:2)
  An orc (D:3)
  4 endoplasms
  6 goblins
  6 hobgoblins
  2 quokkas
  2 ball pythons (D:1)
  3 bats (D:1)
  2 frilled lizards
  2 kobolds (D:2)
30 creatures vanquished.

Notes
Turn   | Place    | Note
-------+----------+-------------------------------------------
     0 | D:1      | Pin the Hill Orc Monk began the quest for the Orb.
     0 | D:1      | Reached XP level 1. HP: 19/19 MP: 1/1
    92 | D:1      | Found a faded altar of an unknown god.
    99 | D:1      | Reached skill level 1 in Armour
   330 | D:1      | Reached XP level 2. HP: 23/26 MP: 2/2
   703 | D:1      | You fall into a shaft and drop 1 floor!
   725 | D:2      | Reached XP level 3. HP: 31/31 MP: 3/3
  1960 | D:3      | Got Leroum's Handbook of the Twisted Rocks
  1983 | D:3      | Noticed a black bear
  1997 | D:3      | Slain by a black bear

Illustrated notes

Levels and vault maps discovered:
D:1:      dpeg_arrival_tiny_j, layout_basic, shapermc_ecumenical_altar_venn
D:2:      layout_rooms
D:3:      layout_rooms, lemuel_tele_altar, hex_large, kennysheep_generic_room_16

Skill      XL: |  1  2  3 |
---------------+----------+-----
Armour         | 1 2 3 |  3.7
Fighting       | |  3.6
Axes           | |  4.0
Dodging        | |  2.4
Stealth        | |  1.5

Action                   || total
-------------------------++-------
Melee: Hand axe          ||   117
       Punch             ||     3
 Stab: Sleeping          ||     4
Armor: Robe              ||    11
       Chain mail        ||    24
Dodge: Dodged            ||    69

Table legend: (Time is in decaauts)
 A = Elapsed time spent in this place.
 B = Non-inter-level travel time spent in this place.
 C = Inter-level travel time spent in this place.
 D = Time resting spent in this place.
 E = Time spent auto-exploring this place.
 F = Levels seen in this place.
 G = Mean time per level.
                   A        B        C        D        E       F      G
               +--------+--------+--------+--------+--------+-----+--------+
         Total |   2008 |   1978 |     30 |    330 |   1351 |   3 |  669.3 |
       Dungeon |   2008 |   1978 |     30 |    330 |   1351 |   3 |  669.3 |
               +--------+--------+--------+--------+--------+-----+--------+

Top non-repeatable levels by time:
     D:2: 974 daAuts
     D:1: 706 daAuts
     D:3: 327 daAuts
